 Dungeon Crawl Stone Soup version 0.25-a0-109-ge9c0e85935 (webtiles) character file.

Game seed: 6792795924136890426, levelgen mode: deterministic

32 vurker the Skirmisher (level 3, 0/30 HPs)
             Began as a Formicid Abyssal Knight on Nov 18, 2019.
             Was a Follower of Lugonu.
             Slain by a kobold
             ... wielding a +0 dagger
              (1 damage)
             ... on level 1 of the Dungeon.
             The game lasted 00:01:49 (873 turns).

vurker the Skirmisher (Formicid Abyssal Knight)      Turns: 873, Time: 00:01:49

Health: 0/30       AC:  4    Str: 17    XL:     3   Next: 45%
Magic:  4/5        EV: 11    Int: 11    God:    Lugonu [*.....]
Gold:   26         SH:  0    Dex: 10    Spells: 2/2 levels left

rFire    . . .     SeeInvis +   a - +1 hand axe
rCold    . . .     Gourm    .   (no shield)
rNeg     . . .     Faith    .   b - +0 leather armour
rPois    .         Spirit   .   (helmet unavailable)
rElec    .         Reflect  .   (no cloak)
rCorr    .         Harm     .   j - +0 pair of gloves
MR       .....                  (no boots)
Stlth    +.........             (no amulet)
HPRegen  0.10/turn              (no ring)
MPRegen  0.09/turn              (no ring)

@: no status effects
A: permanent stasis, dig shafts and tunnels, four strong arms, antennae 3
a: Dig, Shaft Self, Depart the Abyss, Renounce Religion


You were on level 1 of the Dungeon.
You worshipped Lugonu.
Lugonu was aware of your devotion.
You were not hungry.

You visited 1 branch of the dungeon, and saw 1 of its levels.
You visited the Abyss 1 time.

You collected 26 gold pieces.

Inventory:

Hand Weapons
 a - a +1 hand axe (weapon)
Armour
 b - a +0 leather armour (worn)
 j - a +0 pair of gloves (worn)
   (You found it on level 1 of the Dungeon)
Scrolls
 f - a scroll of magic mapping {unknown}
 h - 2 scrolls of identify {unknown}
 i - a scroll of remove curse {unknown}
 k - a scroll of fear {unknown}
Potions
 d - a potion of flight {unknown}
 g - a potion of heal wounds {unknown}
Comestibles
 c - a chunk of flesh
 e - 2 rations


   Skills:
 + Level 3.7 Fighting
 * Level 2.9 Axes
 - Level 2.1 Armour
 - Level 0.8 Dodging
 + Level 2.8 Invocations


You had 2 spell levels left.
You didn't know any spells.
Your spell library was empty.

Dungeon Overview and Level Annotations

Branches:
Dungeon (1/15)

Altars:


Innate Abilities, Weirdness & Mutations

You cannot be hasted, slowed, berserked, paralysed or teleported.
You can dig through walls and to a lower floor.
Your four strong arms can wield two-handed weapons with a shield.
You have a pair of large antennae on your head. (SInv)


Message History

You hit the giant cockroach.
You kill the giant cockroach!
Lugonu accepts your kill.
You have reached level 3!
Your experience leads to an increase in your attributes!
Increase (S)trength, (I)ntelligence, or (D)exterity?
You feel stronger.
Found a ration.
k - a scroll labeled VOQAGA ZEUNN
e - 2 rations (gained 1)
Okay, then.
You see here a dagger.
You open the door.
A gnoll comes into view.
The gnoll shouts!
A kobold comes into view. It is wielding a +0 dagger.
Found a leather armour and a mace.
The kobold shouts!
You hear a shout!
A hobgoblin comes into view. It is wielding a +0 club.
The kobold throws a stone.
The stone hits you but does no damage.
There is an open door here.
You see here a stone.
You hit the gnoll. The gnoll hits you.
You barely miss the gnoll. The gnoll hits you.
You hit the gnoll but do no damage. The gnoll hits you!
* * * LOW HITPOINT WARNING * * *
You closely miss the gnoll. The gnoll hits you but does no damage.
You hit the gnoll. You closely miss the kobold. The kobold barely misses you.
The gnoll hits you.
* * * LOW HITPOINT WARNING * * *
The kobold hits you but does no damage.
You closely miss the gnoll. You barely miss the kobold. You hit the hobgoblin.
The gnoll hits you.
* * * LOW HITPOINT WARNING * * *
The hobgoblin closely misses you. The kobold hits you with a +0 dagger.
* * * LOW HITPOINT WARNING * * *
You slash the gnoll! You miss the kobold. You hit the hobgoblin.
You kill the hobgoblin!
Lugonu accepts your kill. The gnoll misses you.
The kobold hits you with a +0 dagger.
* * * LOW HITPOINT WARNING * * *
The gnoll barely misses you.
You hit the gnoll.
You kill the gnoll!
Lugonu accepts your kill.
You closely miss the kobold. The kobold closely misses you.
You barely miss the kobold. The kobold barely misses you.
You barely miss the kobold. The kobold misses you.
You hit the kobold. The kobold hits you with a +0 dagger.
You die...

..............'...>......#.#
#####.#########..........#.#
#####'##### #............#
#.........# #..........###
#.........# #####.######
#.........# #....#
#.........# #.####
#.........# #.# #.........#
#@# #.........# #..K†).#
).........# #......#
÷.........###........
..###.......#.........
..###.......#)..[.......
..[##.......#...........
.#.##.......#......#####
.#..#.......#


You could see a kobold.

Vanquished Creatures
  A gnoll (D:1)
  A leopard gecko (D:1)
  5 giant cockroaches (D:1)
  4 goblins (D:1)
  2 hobgoblins (D:1)
  2 frilled lizards (D:1)
  2 kobolds (D:1)
  3 rats (D:1)
20 creatures vanquished.

Notes
Turn   | Place    | Note
-------+----------+-------------------------------------------
     0 | Abyss:1  | vurker the Formicid Abyssal Knight began the quest for the
                  | Orb.
     0 | Abyss:1  | Reached XP level 1. HP: 18/18 MP: 2/2
    82 | Abyss:1  | Found a transporter.
    84 | Abyss:1  | Noticed an eye of devastation
    86 | Abyss:1  | Found a corrupted altar of Lugonu.
    86 | Abyss:1  | Noticed a tentacled starspawn
    86 | Abyss:1  | Noticed an ancient zyme
    86 | Abyss:1  | Noticed a quasit
    86 | Abyss:1  | Noticed a dream sheep
    87 | Abyss:1  | Noticed an iron imp
    87 | Abyss:1  | Noticed a thrashing horror
    87 | Abyss:1  | Noticed a ynoxinul
    87 | Abyss:1  | Noticed a glowing orange brain
    87 | Abyss:1  | a dream sheep changed into a glowing orange brain
    87 | Abyss:1  | Noticed a smoke demon
    87 | Abyss:1  | Noticed a smoke demon
    89 | Abyss:1  | Noticed a starcursed mass
    90 | Abyss:1  | Noticed a tentacled starspawn
    91 | Abyss:1  | Noticed a mana viper
    91 | Abyss:1  | Noticed a tentacled starspawn
    92 | Abyss:1  | Noticed a starcursed mass
   122 | D:1      | Escaped the Abyss
   492 | D:1      | Reached XP level 2. HP: 24/24 MP: 3/3
   826 | D:1      | Reached XP level 3. HP: 29/29 MP: 4/4
   869 | D:1      | HP: 1/29 [kobold/+0 dagger (2)]
   873 | D:1      | Slain by a kobold

Levels and vault maps discovered:
D:1:      minmay_arrival_plants_in_alcoves, layout_basic

Action                   || total
-------------------------++-------
Melee: Hand axe          ||    60
Armor: Leather armour    ||    14
Dodge: Dodged            ||    38

Table legend:
 A = Non-vault XP
 B = Vault XP
 C = Vault XP percentage of total XP
 D = Non-vault monster count
 E = Vault monster count
 F = Vault count percentage of total count
                 A         B        C        D         E       F
            +---------+---------+-------+---------+---------+-------
      Total |      47 |       0 |   0.0 |      20 |       0 |   0.0
            +---------+---------+-------+---------+---------+-------
        D:1 |      47 |       0 |   0.0 |      20 |       0 |   0.0
            +---------+---------+-------+---------+---------+-------
